 Dungeon Crawl Stone Soup version 0.31-a0-675-g238779eb0a (console) character file.

Game seed: 9532806516877117473

4739 qw the Skirmisher (level 10, -2/64 HPs)
             Began as a Gargoyle Hunter on Sept 4, 2023.
             Was a Follower of Okawaru.
             Slain by a fire bat (7 damage)
             ... on level 8 of the Dungeon.
             The game lasted 00:05:32 (7342 turns).

qw the Skirmisher (Gargoyle Hunter)                 Turns: 7342, Time: 00:05:32

Health: -2/64      AC: 15    Str: 15    XL:     10   Next: 46%
Magic:  12/12      EV: 13    Int: 10    God:    Okawaru [*.....]
Gold:   438        SH:  0    Dex: 23    Spells: 9/9 levels left

rFire   . . .        Y - +0 orcbow
rCold   . . .        (shield currently unavailable)
rNeg    + . .        d - +0 ring mail
rPois   inf          (helmet restricted)
rElec   +            (no cloak)
rCorr   .            l - +0 pair of gloves
SInv    .            f - +0 pair of boots
Will    .....        (no amulet)
Stlth   ++           g - +6 ring of dexterity
HPRegen 0.30/turn    (no ring)
MPRegen 0.13/turn

%: no passive effects
@: no status effects
A: sickness immunity, AC +7, negative energy resistance 1, electricity
resistance, torment resistance 1, petrification resistance, horns 1, subdued
magic 1
a: Renounce Religion, Heroism


You were on level 8 of the Dungeon.
You worshipped Okawaru.
Okawaru was aware of your devotion.
You visited 2 branches of the dungeon, and saw 9 of its levels.

You collected 438 gold pieces.


Innate Abilities, Weirdness & Mutations

You are immune to sickness and miasma.
Your stone body is resilient. (AC +7)
You are immune to poison.
You resist negative energy. (rN+)
You are resistant to electric shocks. (rElec)
You are resistant to unholy torment.
You are immune to petrification.
You have a pair of small horns on your head.
Your spells are a little easier to cast, but a little less powerful.


   Skills:
 - Level 8.0 Fighting
 + Level 12.0 Ranged Weapons
 - Level 4.0 Armour
 - Level 4.1 Dodging
 - Level 1.1 Stealth
 + Level 3.6 Invocations


You had 9 spell levels left.
You didn't know any spells.
Your spell library was empty.

Inventory:

Hand Weapons
 Y - a +0 orcbow (weapon)
Armour
 d - a +0 ring mail (worn)
 f - a +0 pair of boots (worn)
 l - a +0 pair of gloves (worn)
 m - +0 steam dragon scales
Jewellery
 g - a +6 ring of dexterity (left hand)
 n - a +4 ring of protection
Scrolls
 a - 2 scrolls of teleportation
 q - a scroll of identify
Potions
 b - a potion of might
 c - a potion of haste
 e - a potion of resistance
 h - a potion of ambrosia {unknown}
 i - a potion of invisibility {unknown}
 j - a potion of heal wounds
 k - 4 potions of curing

Dungeon Overview and Level Annotations

Branches:
Dungeon (8/15)             Temple (1/1) D:7            Lair (0/5) D:8

Altars:
Ashenzari
Cheibriados
Dithmenos
Elyvilon
Fedhas
Hepliaklqana
Kikubaaqudgha
Makhleb
Okawaru
Qazlal
Ru
Sif Muna
Trog
Uskayaw
Wu Jian
Xom
Yredelemnul
Zin
The Shining One

Shops:
D:8 (

Annotations:
D:8 exclusion: hell hound


Message History

The fire bat bites you but does no damage.
7334 ||| UPGRADING to +0 steam dragon scales.
The fire bat bites you but does no damage.
You stop removing your armour.
The fire bat bites you but does no damage.
7335 ||| UPGRADING to +0 steam dragon scales.
The fire bat bites you but does no damage.
You stop removing your armour.
7336 ||| UPGRADING to +0 steam dragon scales.
The fire bat bites you but does no damage.
You stop removing your armour.
7337 ||| UPGRADING to +0 steam dragon scales.
The fire bat misses you. The fire bat barely misses you.
You start removing your armour.
You continue taking off your +0 ring mail.
The fire bat bites you.
You stop removing your armour.
You are engulfed in flames!
The hell hound breathes flames at you.
The blast of flame hits the fire elemental.
The fire elemental completely resists.
The blast of flame hits the fire bat.
The fire bat completely resists.
The blast of flame misses you. The fire bat misses you. The fire bat bites you.
You are engulfed in flames!
7339 ||| UPGRADING to +0 steam dragon scales.
The fire bat bites you but does no damage.
You stop removing your armour.
7340 ||| UPGRADING to +0 steam dragon scales.
The fire bat bites you but does no damage.
You stop removing your armour.
The fire bat bites you but does no damage.
7341 ||| UPGRADING to +0 steam dragon scales.
The fire bat closely misses you.
You start removing your armour.
You continue taking off your +0 ring mail.
The hell hound breathes flames at you.
The blast of flame hits the fire elemental.
The fire elemental completely resists.
The blast of flame hits the fire bat.
The fire bat completely resists.
You stop removing your armour.
The blast of flame hits you!! The fire bat bites you.
You are engulfed in flames!
You die...

.S##..~ S[#¤¤~.### #####...~.#.#
### #####.##.¤h~~.#.# #..
#.....#.¤.~~~.#.# #.#
#.#####.~~~~Eb#.# ##.# #.#
~....bb#.# ######... #.# ###
####@.# #........
#.#####.###.##(.#######.####...
#............#..........####...
##.#.....#.#.#.................#
#....####.##.##..######..####.##
#.#..##..........# #..####.##
#....##.#.##.##..# #..../....
##.#.##.##.#.#.#.# ##.####.#.
#............##.# #.# #.#.


You could see a fire elemental, a hell hound (catching breath), 3 fire bats and
2 lava snakes.

Vanquished Creatures
  An elephant (D:8)
  Joseph (D:7)
  A basilisk (D:8)
  A yak (D:8)
  A fire bat (D:8)
  2 steam dragons (D:8)
  Menkaure (D:6)
  Duvessa (D:6)
  2 water moccasins
  2 ice beasts
  A sky beast (D:8)
  2 black bears
  2 ogres (D:6)
  4 centaurs
  3 phantoms
  Blork the orc (D:5)
  A gnoll sergeant (D:8)
  A bullfrog (D:8)
  5 scorpions
  6 wights (D:7)
  Dowan (D:6)
  3 howler monkeys
  4 jellies
  An orc priest (D:6)
  2 gnoll boudas
  3 hounds
  2 sleepcaps
  3 iguanas
  3 orc wizards
  12 gnolls
  11 adders
  2 shadow imps
  An ufetubus (D:7)
  4 worms
  A dart slug (D:1)
  20 orcs
  12 endoplasms
  2 giant cockroaches
  11 goblins
  10 hobgoblins
  6 quokkas
  9 ball pythons
  4 frilled lizards
  6 kobolds
  2 rats
174 creatures vanquished.

Notes
Turn   | Place    | Note
-------+----------+-------------------------------------------
     0 | D:1      | qw the Gargoyle Hunter began the quest for the Orb.
     0 | D:1      | Reached XP level 1. HP: 12/12 MP: 1/1
     0 | D:1      | 0 ||| qw: Version: 0.3-a-75-g3711a7b
     0 | D:1      | 0 ||| qw: Game counter: 30
     0 | D:1      | 0 ||| qw: Melee chars always use a shield: true
     0 | D:1      | 0 ||| qw: God list: Okawaru
     0 | D:1      | 0 ||| qw: Allow faded altars: false
     0 | D:1      | 0 ||| qw: Do Orc after clearing Dungeon:15 true
     0 | D:1      | 0 ||| qw: Do second Lair branch before Depths: true
     0 | D:1      | 0 ||| qw: Lair rune preference: random
     0 | D:1      | 0 ||| qw: Goals: Normal
     0 | D:1      | 0 ||| PLANNING D:1-11
   204 | D:1      | Reached XP level 2. HP: 16/17 MP: 2/2
   297 | D:1      | 297 ||| RETREATING.
   519 | D:1      | Reached XP level 3. HP: 21/21 MP: 3/3
   641 | D:1      | 641 ||| UPGRADING to +0 ring mail.
   651 | D:1      | 651 ||| DROPPING +0 leather armour.
   652 | D:1      | 652 ||| UPGRADING to +6 ring of dexterity.
   653 | D:1      | 653 ||| READING scroll labelled HAGGINO TOTHE.
   654 | D:1      | 654 ||| READING scroll labelled LOROUG KOELL.
   655 | D:1      | 655 ||| READING scroll labelled RYAC BEPTATESCH.
   656 | D:1      | 656 ||| DROPPING scroll of butterflies.
   755 | D:2      | Reached skill level 1 in Armour
   880 | D:2      | Reached skill level 5 in Ranged Weapons
  1025 | D:2      | Reached XP level 4. HP: 27/27 MP: 4/4
  1171 | D:2      | Reached skill level 3 in Fighting
  1394 | D:2      | 1394 ||| UPGRADING to +0 pair of boots.
  1399 | D:2      | 1399 ||| READING 2 scrolls labelled CERUNN VUUD.
  1403 | D:2      | 1403 ||| READING 2 scrolls labelled FEQYHI DEUNYR.
  1404 | D:2      | 1404 ||| DRINKING 2 pink potions.
  1405 | D:2      | 1405 ||| DRINKING 2 purple potions.
  1406 | D:2      | 1406 ||| DRINKING 2 fuming orange potions.
  1407 | D:2      | 1407 ||| DROPPING scroll of fear.
  1556 | D:3      | Identified the +2 short sword of Judgement {freeze, Str+2}
  1853 | D:3      | Found a glowing golden altar of the Shining One.
  1887 | D:3      | Identified the +3 spear of Dunih {venom, +Blink rF+ rC-}
  2102 | D:3      | 2102 ||| UPGRADING to +0 pair of gloves.
  2107 | D:3      | 2107 ||| READING scroll labelled ZUTYGUORIQ.
  2108 | D:3      | 2108 ||| DRINKING 2 golden potions.
  2109 | D:3      | 2109 ||| DRINKING 2 clear potions.
  2156 | D:4      | 2156 ||| STAIRDANCE
  2170 | D:3      | Reached XP level 5. HP: 18/32 MP: 5/5
  2258 | D:4      | Reached skill level 6 in Ranged Weapons
  2387 | D:4      | Reached XP level 6. HP: 38/38 MP: 6/6
  2457 | D:4      | 2457 ||| READING scroll labelled VIANEH GUQOUFU.
  2462 | D:4      | 2462 ||| FLEEEEING.
  2465 | D:4      | 2465 ||| FLEEEEING.
  2497 | D:4      | 2497 ||| STAIRDANCE
  2667 | D:4      | Found a glowing silver altar of Zin.
  2792 | D:5      | Entered Level 5 of the Dungeon
  2930 | D:5      | Reached skill level 7 in Ranged Weapons
  3005 | D:5      | Reached XP level 7. HP: 33/43 MP: 7/7
  3044 | D:5      | 3044 ||| SWAPPING to +0 orcbow.
  3060 | D:5      | 3060 ||| FLEEEEING.
  3061 | D:5      | 3061 ||| FLEEEEING.
  3062 | D:5      | 3062 ||| FLEEEEING.
  3063 | D:5      | 3063 ||| FLEEEEING.
  3064 | D:5      | 3064 ||| FLEEEEING.
  3065 | D:5      | 3065 ||| FLEEEEING.
  3066 | D:5      | 3066 ||| FLEEEEING.
  3067 | D:5      | 3067 ||| FLEEEEING.
  3068 | D:5      | 3068 ||| FLEEEEING.
  3069 | D:5      | 3069 ||| FLEEEEING.
  3070 | D:5      | 3070 ||| FLEEEEING.
  3071 | D:5      | 3071 ||| FLEEEEING.
  3072 | D:5      | 3072 ||| FLEEEEING.
  3073 | D:5      | 3073 ||| FLEEEEING.
  3074 | D:5      | 3074 ||| FLEEEEING.
  3075 | D:5      | 3075 ||| FLEEEEING.
  3076 | D:5      | 3076 ||| FLEEEEING.
  3077 | D:5      | 3077 ||| FLEEEEING.
  3078 | D:5      | 3078 ||| FLEEEEING.
  3079 | D:5      | 3079 ||| FLEEEEING.
  3080 | D:5      | 3080 ||| FLEEEEING.
  3081 | D:5      | 3081 ||| FLEEEEING.
  3082 | D:5      | 3082 ||| FLEEEEING.
  3083 | D:5      | 3083 ||| FLEEEEING.
  3084 | D:5      | 3084 ||| FLEEEEING.
  3085 | D:5      | 3085 ||| FLEEEEING.
  3086 | D:5      | 3086 ||| FLEEEEING.
  3087 | D:5      | 3087 ||| FLEEEEING.
  3088 | D:5      | 3088 ||| FLEEEEING.
  3089 | D:5      | 3089 ||| FLEEEEING.
  3090 | D:5      | 3090 ||| FLEEEEING.
  3091 | D:5      | 3091 ||| FLEEEEING.
  3092 | D:5      | 3092 ||| FLEEEEING.
  3093 | D:5      | 3093 ||| FLEEEEING.
  3094 | D:5      | 3094 ||| FLEEEEING.
  3095 | D:5      | 3095 ||| FLEEEEING.
  3096 | D:5      | 3096 ||| FLEEEEING.
  3097 | D:5      | 3097 ||| FLEEEEING.
  3098 | D:5      | 3098 ||| FLEEEEING.
  3113 | D:5      | 3113 ||| DROPPING +1 shortbow of freezing.
  3155 | D:5      | Found a broken altar of Ashenzari.
  3226 | D:5      | Found a snail-covered altar of Cheibriados.
  3226 | D:5      | Noticed Blork the orc
  3234 | D:5      | Killed Blork the orc
  3338 | D:5      | Reached skill level 8 in Ranged Weapons
  3544 | D:5      | Reached XP level 8. HP: 49/49 MP: 8/8
  3613 | D:5      | 3613 ||| READING scroll labelled NIDOEC IFYGRA.
  3614 | D:5      | 3614 ||| READING 3 scrolls labelled XANKEUJITY.
  3615 | D:5      | 3615 ||| READING scroll labelled KITEDE ACOISOC.
  3716 | D:5      | 3716 ||| DRINKING 2 grey potions.
  3716 | D:5      | Gained mutation: You have a pair of small antennae on your
                  | head. [potion of mutation]
  3716 | D:5      | Gained mutation: You are vulnerable to heat. (rF-) [potion
                  | of mutation]
  3716 | D:5      | Gained mutation: You are agile. (Dex +4, Str/Int -1)
                  | [potion of mutation]
  3716 | D:5      | Gained mutation: You have hidden genetic potential. [potion
                  | of mutation]
  3717 | D:5      | 3717 ||| DRINKING potion of mutation.
  3717 | D:5      | Lost mutation: You have hidden genetic potential. [potion
                  | of mutation]
  3717 | D:5      | Lost mutation: You have a pair of small antennae on your
                  | head. [potion of mutation]
  3717 | D:5      | Gained mutation: You have an increased reservoir of magic.
                  | (+10% MP) [potion of mutation]
  3717 | D:5      | Gained mutation: You have a pair of small horns on your
                  | head. [potion of mutation]
  3718 | D:5      | 3718 ||| DRINKING 2 fuming pink potions.
  3719 | D:5      | 3719 ||| READING 2 scrolls of identify.
  3719 | D:5      | 3719 ||| IDENTIFYING sedimented green potion
  3720 | D:5      | 3720 ||| DROPPING potion of lignification.
  3721 | D:5      | 3721 ||| DROPPING potion of degeneration.
  3753 | D:6      | 3753 ||| Stepping ~*~*~tactically~*~*~ (outnumbered).
  3755 | D:6      | 3755 ||| Stepping ~*~*~tactically~*~*~ (outnumbered).
  3916 | D:6      | Reached skill level 9 in Ranged Weapons
  3966 | D:6      | Reached skill level 3 in Dodging
  4157 | D:6      | Noticed Dowan
  4163 | D:6      | 4163 ||| RETREATING.
  4164 | D:6      | 4164 ||| Stepping ~*~*~tactically~*~*~ (retreating).
  4176 | D:6      | Reached skill level 6 in Fighting
  4176 | D:6      | Killed Dowan
  4347 | D:6      | Noticed Menkaure
  4350 | D:6      | 4350 ||| FLEEEEING.
  4351 | D:6      | 4351 ||| FLEEEEING.
  4352 | D:6      | 4352 ||| FLEEEEING.
  4353 | D:6      | 4353 ||| FLEEEEING.
  4363 | D:6      | 4363 ||| STAIRDANCE
  4395 | D:6      | Killed Menkaure
  4396 | D:6      | Reached XP level 9. HP: 56/56 MP: 9/9
  4508 | D:6      | Reached skill level 10 in Ranged Weapons
  4579 | D:6      | Noticed Duvessa
  4587 | D:6      | Killed Duvessa
  4588 | D:6      | Reached skill level 3 in Armour
  4827 | D:7      | Noticed Joseph
  4841 | D:7      | Killed Joseph
  4944 | D:7      | 4944 ||| RETREATING.
  5076 | D:7      | 5076 ||| DRINKING potion of mutation.
  5076 | D:7      | Lost mutation: You have an increased reservoir of magic.
                  | (+10% MP) [potion of mutation]
  5076 | D:7      | Lost mutation: You are vulnerable to heat. (rF-) [potion of
                  | mutation]
  5076 | D:7      | Lost mutation: You are agile. (Dex +4, Str/Int -1) [potion
                  | of mutation]
  5076 | D:7      | Gained mutation: Your spells are a little easier to cast,
                  | but a little less powerful. [potion of mutation]
  5396 | D:7      | Found a staircase to the Ecumenical Temple.
  5397 | D:7      | 5397 ||| PLANNING TEMPLE
  5397 | D:7      | 5397 ||| READING 2 scrolls of identify.
  5397 | D:7      | 5397 ||| IDENTIFYING red potion
  5398 | D:7      | 5398 ||| DROPPING potion of attraction.
  5407 | Temple   | Entered the Ecumenical Temple
  5408 | Temple   | 5408 ||| PLANNING OKAWARU WORSHIP
  5433 | Temple   | Became a worshipper of Warmaster Okawaru
  5434 | Temple   | 5434 ||| PLANNING D:1-11
  5489 | D:7      | 5489 ||| RETREATING.
  5501 | D:7      | 5501 ||| Stepping ~*~*~tactically~*~*~ (retreating).
  5505 | D:7      | 5505 ||| Stepping ~*~*~tactically~*~*~ (retreating).
  5506 | D:7      | 5506 ||| Stepping ~*~*~tactically~*~*~ (retreating).
  5587 | D:7      | 5587 ||| FLEEEEING.
  5632 | D:7      | Reached skill level 11 in Ranged Weapons
  5769 | D:7      | Found a shadowy altar of Dithmenos.
  6181 | D:7      | 6181 ||| READING 2 scrolls of identify.
  6181 | D:7      | 6181 ||| IDENTIFYING coppery potion
  6182 | D:7      | 6182 ||| DROPPING potion of brilliance.
  6243 | D:8      | 6243 ||| Stepping ~*~*~tactically~*~*~ (outnumbered).
  6245 | D:8      | 6245 ||| Stepping ~*~*~tactically~*~*~ (outnumbered).
  6247 | D:8      | 6247 ||| Stepping ~*~*~tactically~*~*~ (outnumbered).
  6248 | D:8      | 6248 ||| Stepping ~*~*~tactically~*~*~ (outnumbered).
  6250 | D:8      | 6250 ||| Stepping ~*~*~tactically~*~*~ (outnumbered).
  6255 | D:8      | 6255 ||| Stepping ~*~*~tactically~*~*~ (outnumbered).
  6256 | D:8      | Reached * piety under Okawaru
  6276 | D:8      | 6276 ||| INVOKING Heroism.
  6277 | D:8      | 6277 ||| INVOKING Heroism.
  6278 | D:8      | 6278 ||| INVOKING Heroism.
  6494 | D:8      | Found Conavoj's Antique Weapon Boutique.
  6524 | D:8      | Reached skill level 1 in Invocations
  6558 | D:8      | Reached XP level 10. HP: 64/64 MP: 9/11
  6578 | D:8      | 6578 ||| INVOKING Heroism.
  6595 | D:8      | 6595 ||| INVOKING Heroism.
  6595 | D:8      | HP: 12/64 [steam dragon] (9)]
  6596 | D:8      | 6596 ||| READING 3 scrolls of teleportation.
  6597 | D:8      | 6597 ||| DRINKING potion of heal wounds.
  6600 | D:8      | 6600 ||| Stepping ~*~*~tactically~*~*~ (outnumbered).
  6605 | D:8      | Noticed an elephant
  6617 | D:8      | 6617 ||| INVOKING Heroism.
  6619 | D:8      | Killed an elephant
  6633 | D:8      | 6633 ||| INVOKING Heroism.
  6639 | D:8      | Reached skill level 3 in Invocations
  6746 | D:8      | Found a staircase to the Lair.
  6859 | D:8      | 6859 ||| INVOKING Heroism.
  6925 | D:8      | 6925 ||| INVOKING Heroism.
  6927 | D:8      | Reached skill level 12 in Ranged Weapons
  7261 | D:8      | 7261 ||| FLEEEEING.
  7262 | D:8      | 7262 ||| FLEEEEING.
  7263 | D:8      | 7263 ||| FLEEEEING.
  7330 | D:8      | 7330 ||| RETREATING.
  7331 | D:8      | 7331 ||| UPGRADING to +0 steam dragon scales.
  7332 | D:8      | 7332 ||| UPGRADING to +0 steam dragon scales.
  7333 | D:8      | 7333 ||| UPGRADING to +0 steam dragon scales.
  7334 | D:8      | 7334 ||| UPGRADING to +0 steam dragon scales.
  7335 | D:8      | 7335 ||| UPGRADING to +0 steam dragon scales.
  7336 | D:8      | 7336 ||| UPGRADING to +0 steam dragon scales.
  7337 | D:8      | 7337 ||| UPGRADING to +0 steam dragon scales.
  7339 | D:8      | 7339 ||| UPGRADING to +0 steam dragon scales.
  7340 | D:8      | 7340 ||| UPGRADING to +0 steam dragon scales.
  7341 | D:8      | 7341 ||| UPGRADING to +0 steam dragon scales.
  7342 | D:8      | HP: 7/64 [hell hound/blast of flame (22)]
  7342 | D:8      | Slain by a fire bat

Levels and vault maps discovered:
D:1:      dpeg_arrival_arbitrary_c, layout_loops_ring, kennysheep_pointless_box,
          minmay_misc_feat_tiny
D:2:      layout_basic
D:3:      layout_basic, nicolae_overflow_hidden_temple
D:4:      layout_cave_pools, mainiacjoe_overflow_cross_hatched, serial_rivers,
          chequers_serial_rivers_small_b, chequers_serial_rivers_small_3,
          chequers_serial_rivers_micro_d, chequers_serial_rivers_micro_c,
          chequers_serial_rivers_large_a, chequers_serial_rivers_small_a,
          minmay_manual_mess
D:5:      layout_basic, mainiacjoe_overflow_tiny_flanked,
          mainiacjoe_overflow_alcove_4, uniq_blork_the_orc
D:6:      layout_basic, serial_glass, glass_columns_b, glass_columns_a,
          amethyst_killhole, patterned_corridor, uniq_menkaure, uniq_duvessa
D:7:      layout_layer_cave, overflow_temple_1_default,
          minmay_temple_entry_drinking_statues, uniq_joseph
D:8:      layout_loops_ring, david_lair_generic, serial_shops,
          nicolae_inconvenience_store, hangedman_incinerator
Temple:   compressed_dpeg_circular_temple

Skill      XL: |  1  2  3  4  5  6  7  8  9 10 |
---------------+-------------------------------+-----
Armour         | 1 2 3 4 |  4.0
Ranged Weapons | 5 6 7 8 9 11 12 | 12.0
Fighting       | 3 4 5 6 8 |  8.0
Dodging        | 2 3 4 |  4.1
Invocations    | 1 3 |  3.6
Stealth        | |  1.1

Action                     |  1- 3 |  4- 6 |  7- 9 | 10-12 || total
---------------------------+-------+-------+-------+-------++-------
   Fire: Shortbow          |    84 |   175 |       |       ||   259
         Orcbow            |       |       |   310 |    85 ||   395
 Invoke: Heroism           |       |       |     1 |     6 ||     7
    Use: Scroll            |     3 |     4 |     6 |     1 ||    14
         Potion            |       |     5 |     4 |     1 ||    10
 Armour: Leather armour    |    10 |       |       |       ||    10
         Ring mail         |       |    59 |   133 |    70 ||   262
  Dodge: Dodged            |    12 |    25 |    97 |    47 ||   181

Table legend:
 A = Non-vault XP
 B = Vault XP
 C = Vault XP percentage of total XP
 D = Non-vault monster count
 E = Vault monster count
 F = Vault count percentage of total count
                 A         B        C        D         E       F
            +---------+---------+-------+---------+---------+-------
      Total |    4596 |    2174 |  32.1 |     160 |      14 |   8.0
            +---------+---------+-------+---------+---------+-------
        D:1 |      34 |       0 |   0.0 |      19 |       0 |   0.0
        D:2 |      59 |       0 |   0.0 |      19 |       0 |   0.0
        D:3 |      49 |      35 |  41.7 |      13 |       1 |   7.1
        D:4 |     201 |      17 |   7.8 |      26 |       3 |  10.3
        D:5 |     823 |      94 |  10.3 |      19 |       1 |   5.0
        D:6 |     965 |     395 |  29.0 |      23 |       3 |  11.5
        D:7 |    1069 |     455 |  29.9 |      20 |       1 |   4.8
        D:8 |    1396 |    1178 |  45.8 |      21 |       5 |  19.2
            +---------+---------+-------+---------+---------+-------
